woodfighter, neutral female human Healer ---------------- |.............<| |...............# ---- ----.----------- |.)| # |..| ### -.- # ####### ------.--------- ----------.- |..............| |>.........| |......Y.....^.| |..........| |..........[...| ...........| |........O.....| |^.........| --------.------- --.--------- # ######## # ------- -.- #### ################.......#### |...| #### |.....| # |...| |.....| # |...| |.....| # |...| ------- ##########....| ----- woodfighter the Embalmer Experience level: 9 Strength: 18/03 Dexterity: 16 Constitution: 18 Intelligence: 9 Wisdom: 16 Charisma: 18 Health: 0(75) Energy: 80(80) Def: 22 Gold: 113 Moves: 16924 Dungeon seed: z5XUVS0851V6XyJP Game ID: woodfighter_1502037352 Your Inventory: Coins $ - 113 gold pieces Amulets E - an uncursed amulet of reflection (being worn) Weapons a - a blessed +0 scalpel (weapon in hand) o - 52 +0 darts (in quiver) Armor e - an uncursed +1 pair of leather gloves (being worn) n - an uncursed burnt +4 alchemy smock (being worn) z - an uncursed +4 orcish shield (being worn) C - an uncursed +0 dwarvish cloak I - an uncursed +1 pair of elven boots J - an uncursed +0 dwarvish mithril-coat (being worn) N - an uncursed +0 pair of water walking boots (being worn) Y - a blessed +0 orcish helm (being worn) Comestibles l - an uncursed clove of garlic q - 3 uncursed tripe rations r - an uncursed sprig of wolfsbane O - an uncursed fortune cookie Z - an uncursed lizard corpse Scrolls g - an uncursed scroll of light Rings R - an uncursed ring of fire resistance (on left hand) V - an uncursed ring of invisibility (on right hand) Wands f - a wand of sleep (0:2) t - a wand of digging (0:4) P - a wand of lightning (0:5) T - a wand of make invisible (0:4) W - a wand of digging (0:6) Tools b - an uncursed stethoscope s - an uncursed bag of holding v - an uncursed magic whistle y - an uncursed skeleton key G - a +0 unicorn horn M - an uncursed towel Gems c - an uncursed flint d - an uncursed luckstone Contents of the bag of holding: 14040 gold pieces 50 uncursed [+0] darts 6 blessed eucalyptus leaves 8 uncursed food rations an uncursed lizard corpse 7 uncursed lumps of royal jelly 3 blessed sprigs of wolfsbane a [cursed] scroll of blank paper an uncursed scroll of confuse monster a [blessed] scroll of enchant weapon an uncursed scroll of genocide a blessed scroll of gold detection a [uncursed] scroll of gold detection 2 [uncursed] scrolls of identify a [uncursed] scroll of light 2 [uncursed] scrolls of teleportation a [uncursed] spellbook of create familiar a [uncursed] spellbook of cure sickness a [uncursed] spellbook of remove curse a [uncursed] potion of extra healing a cursed potion of full healing a [uncursed] potion of gain ability a [uncursed] potion of hallucination 2 uncursed potions of healing a potion of holy water a cursed potion of monster detection an uncursed potion of water a [uncursed] ring of fire resistance an uncursed [+1] ring of increase damage an uncursed ring of searching a [uncursed] ring of shock resistance a [uncursed] ring of teleportation a wand of magic missile (0:0) a wand of striking (0:0) an uncursed oil lamp [0:1078] an uncursed [+0] pick-axe Spells and supernatural/magical abilities: Name Level Category Fail Memory h - healing 1 healing 100% 16% x - extra healing 3 healing 100% 16% S - stone to flesh 3 healing 100% 16% W - pray for help -- divine ? -- Your skills at the end: Miscellaneous Skills shield [Basic] wands [Basic] Weapon Skills knife [Basic] dart [Basic] Spellcasting Skills healing spells [Basic] Final Attributes: You were fervently aligned. You were fire resistant. You were poison resistant. You were acid resistant. Your writing hand was ok. You were telepathic. You were invisible. You were somewhat stealthy. You could walk on water. You were protected. You were fast. You had reflection. You were lucky. You had extra luck. Bad luck did not time out for you. Good luck did not time out for you. You are dead. Vanquished creatures: a queen bee an Elvenking a stalker a hill giant 5 wargs a quantum mechanic 3 small mimics a dwarf king 3 giants an elf mummy 3 Grey-elves a wraith 2 ettin zombies a leather golem 3 giant beetles a cockatrice 3 winter wolf cubs 28 leprechauns a spotted jelly 3 lizards 4 giant spiders 2 scorpions an iron piercer a horse 2 gnome kings a brown pudding 2 owlbears a yeti a werewolf a dog a dingo a dwarf lord 3 blue jellies a black unicorn 4 dust vortices 2 gnome mummies 2 fire ants 10 Mordor orcs 2 Uruk-hai 4 orc shamans 2 rock moles 3 rock piercers a pony 4 shriekers 12 gnome lords 8 gnomish wizards 3 kobold mummies 2 red naga hatchlings a golden naga hatchling a gray ooze 2 elf zombies a ghoul 3 paper golems 4 giant ants 4 floating eyes 4 kittens 15 dwarves 3 homunculi 3 kobold lords 4 kobold shamans 4 iguanas 21 hill orcs a rothe a rabid rat 3 centipedes 7 jitterbugs 3 giant bats 7 orc zombies a dwarf zombie 2 wererats 13 killer bees 16 coyotes a gas spore 9 hobbits 5 acid blobs 5 geckos 9 hobgoblins 5 giant rats 2 cave spiders 2 brown molds 3 yellow molds 3 green molds 2 red molds 50 gnomes 22 garter snakes 17 manes 3 gnome zombies 11 jackals 7 foxes 6 kobolds 10 newts 11 goblins 12 sewer rats 24 grid bugs 2 bats 17 lichens 12 kobold zombies 519 creatures vanquished. Voluntary challenges: You did not cause conflict. You were not displaced. You used a wielded weapon 959 times, starting on turn 156. You did not apply a unicorn horn. You did not use plumbed fixtures. You did not drink any magical draughts. You read items or engraved 6 times, starting on turn 2832. You never genocided any monsters. You never polymorphed an object. You never changed form. You cheated 1 time but completed Sokoban on turn 5150. You used no wishes. You never split a pudding. You never wrote Elbereth's name. You violated your moral code, losing 5 points of alignment, starting on turn 2414. Dungeon overview: The Dungeons of Doom: levels 1 to 21 Level 1 a fountain a long staircase Level 2 a general store, a fountain, a sink stairs to The Gnomish Mines Level 3 (locked box in shop) a general store, a fountain Level 4 an altar to Poseidon Level 5 many fountains Level 6 (locked box) stairs to Sokoban Level 7 a general store, some fountains Level 8 a fountain Level 9 a sink Level 10 some fountains, a sink Level 11 Level 12 an altar to Hermes, a fountain Level 13 a delicatessen, an altar to Poseidon Level 14 a fountain Level 15 (vault) a fountain Level 16 (graveyard unexplored) Level 17 (rogue) <- You were here Level 18 Level 19 Level 20 a fountain Level 21 The Gnomish Mines: levels 3 to 10 Level 3 stairs to The Dungeons of Doom Level 4 Level 5 many shops, a temple to Poseidon, a magic chest, some fountains Level 6 Level 7 Level 8 Level 9 Level 10 some altars to Moloch, a magic chest, some fountains Sokoban: levels 2 to 5 Level 2 a magic chest Level 3 Level 4 Level 5 an altar to Athena, a magic chest stairs to The Dungeons of Doom History has recorded: On T:1 you entered the Dungeons of Doom to retrieve the Amulet of Yendor! On T:25 you reached level 2 of The Dungeons of Doom. On T:458 you reached level 3 of The Dungeons of Doom. On T:1173 you reached level 4 of The Dungeons of Doom. On T:1494 you reached level 5 of The Dungeons of Doom. On T:2071 you advanced to experience level 2. On T:2118 you reached level 6 of The Dungeons of Doom. On T:2571 you reached level 7 of The Dungeons of Doom. On T:2595 you advanced to experience level 3. On T:2695 you reached level 4 of Sokoban. On T:2830 you opened a magic chest. On T:3206 you reached level 3 of Sokoban. On T:3539 you reached level 2 of Sokoban. On T:3836 you advanced to experience level 4. On T:4087 you reached level 1 of Sokoban. On T:5150 you entered the Sokoban zoo. On T:5615 you advanced to experience level 5. On T:6223 you reached level 1 of The Gnomish Mines. On T:6259 you reached level 2 of The Gnomish Mines. On T:6916 you reached level 3 of The Gnomish Mines. On T:7724 you entered the Minetown temple On T:8278 you reached level 4 of The Gnomish Mines. On T:8546 you reached level 8 of The Gnomish Mines. On T:8546 you reached the bottom of the Mines. On T:8574 you advanced to experience level 6. On T:8601 you reached level 7 of The Gnomish Mines. On T:8984 you reached level 5 of The Gnomish Mines. On T:9442 you reached level 6 of The Gnomish Mines. On T:10133 you advanced to experience level 7. On T:12202 you reached level 8 of The Dungeons of Doom. On T:12589 you reached level 9 of The Dungeons of Doom. On T:12764 you reached level 10 of The Dungeons of Doom. On T:12931 you advanced to experience level 8. On T:13223 you reached level 11 of The Dungeons of Doom. On T:13581 you reached level 12 of The Dungeons of Doom. On T:14120 you reached level 13 of The Dungeons of Doom. On T:14315 you reached level 14 of The Dungeons of Doom. On T:14801 you reached level 15 of The Dungeons of Doom. On T:15160 you advanced to experience level 9. On T:15531 you reached level 16 of The Dungeons of Doom. On T:15921 you reached level 17 of The Dungeons of Doom. On T:15921 you entered the Rogue tribute level. On T:16281 you reached level 19 of The Dungeons of Doom. On T:16303 you prayed to Hermes. On T:16437 you reached level 20 of The Dungeons of Doom. On T:16541 you reached level 21 of The Dungeons of Doom. On T:16707 you reached level 18 of The Dungeons of Doom. On T:16855 you prayed to Hermes. Score breakdown: Gold: 12583 ( 1258 points) Experience: 9 levels ( 800 points) Exploration: 21 levels ( 600 points) Discoveries: 49 items ( 2000 points) Variety of kills: 97 monsters ( 2000 points) Major goal: Sokoban/Mines ( 1500 points) Survival: died (score multiplied by 3) Total score: 24474 Latest messages: You hack the Elvenking. The Elvenking is moderately wounded. The Elvenking punches you! The Elvenking misses. You slash the Elvenking. The Elvenking is moderately wounded. The Elvenking misses. (2x) You slash the Elvenking! The Elvenking is heavily wounded. The Elvenking just misses! The Elvenking punches you! You slash the Elvenking! The Elvenking is almost dead. You slash the Elvenking! The Elvenking is almost dead. The Elvenking punches you! (2x) You kill the Elvenking! You stop exploring. Please move the cursor to an unknown object. Never mind. The ogre king misses. The yeti claws you! The yeti misses. The yeti bites! The ogre king punches you! You die... Final status: Goodbye woodfighter the Healer, killed by an ogre king... You died in The Dungeons of Doom on dungeon level 17 with 24474 points, and 14153 pieces of gold, after 16924 moves. You were level 9 with a maximum of 75 hit points when you died.